 Dungeon Crawl Stone Soup version 0.25-a0-292-gaa31f046c4 (webtiles) character file.

Game seed: 2895236650659090878, levelgen mode: classic

600 Borgoz the Shield-Bearer (level 7, -1/49 HPs)
             Began as a Halfling Fighter on Dec 16, 2019.
             Slain by a slave (3 damage)
             ... led by Pikel
             ... on level 5 of the Dungeon.
             The game lasted 00:05:21 (3998 turns).

Borgoz the Shield-Bearer (Halfling Fighter)         Turns: 3998, Time: 00:05:21

Health: -1/49      AC:  9    Str: 24    XL:     7   Next: 69%
Magic:  7/7        EV:  9    Int:  6    God:
Gold:   204        SH: 11    Dex: 14    Spells: 6/6 levels left

rFire    . . .     SeeInvis .   a - +0 rapier
rCold    . . .     Gourm    .   c - +0 shield
rNeg     . . .     Faith    .   b - +0 scale mail
rPois    .         Spirit   .   l - +2 hat
rElec    .         Reflect  .   (no cloak)
rCorr    .         Harm     .   (no gloves)
MR       +....                  (no boots)
Stlth    ..........             v - amulet of the acrobat
HPRegen  0.16/turn              g - ring of protection from magic (curse)
MPRegen  0.10/turn              (no ring)

@: mighty, flying
A: small, mutation resistance 1
a: no special abilities


You were on level 5 of the Dungeon.
You were hungry.

You visited 1 branch of the dungeon, and saw 5 of its levels.

You collected 204 gold pieces.

Inventory:

Hand Weapons
 a - a +0 rapier (weapon)
Armour
 b - a +0 scale mail (worn)
 c - a +0 shield (worn)
 l - a +2 hat (worn)
Jewellery
 g - a cursed ring of protection from magic (left hand)
 v - an amulet of the acrobat (around neck)
Wands
 x - a wand of flame (16)
Scrolls
 e - 2 scrolls of enchant armour {unknown}
 i - a scroll of remove curse {unknown}
 j - 3 scrolls of identify {unknown}
 k - 4 scrolls of enchant weapon {unknown}
 o - a scroll of magic mapping {unknown}
 p - 3 scrolls of blinking {unknown}
 q - a scroll of amnesia {unknown}
 s - 5 scrolls of teleportation {unknown}
 w - a scroll of random uselessness {unknown}
 y - a scroll of fog {unknown}
 A - 2 scrolls of fear {unknown}
Potions
 m - 2 potions of might
 n - a potion of invisibility {unknown}
 r - 5 potions of curing
 t - a potion of mutation {unknown}
 u - a potion of magic {unknown}
 z - a potion of haste {unknown}
Comestibles
 f - 12 rations


   Skills:
 + Level 4.4 Fighting
 + Level 5.2 Short Blades
 + Level 5.3 Armour
 + Level 5.3 Shields


You had 6 spell levels left.
You didn't know any spells.
Your spell library contained the following spells:

 Spells                   Type           Power        Failure   Level  Hunger
 Beastly Appendage        Tmut           #.....       99%         1    ##.....
 Confusing Touch          Hex            #.....       99%         1    ##.....
 Sticks to Snakes         Tmut           #.......     100%        2    ###....
 Confuse                  Hex            #.......     100%        3    ####...
 Gell's Gravitas          Tloc           #.........   100%        3    ####...
 Spider Form              Tmut/Pois      #.........   100%        3    ####...
 Ice Form                 Ice/Tmut       #.......     100%        4    #####..
 Petrify                  Tmut/Erth      #.......     100%        4    #####..
 Blade Hands              Tmut           #.........   100%        5    ######.
 Metabolic Englaciation   Hex/Ice        #.........   100%        5    ######.
 Yara's Violent Unravell  Hex/Tmut       #.........   100%        5    ######.


Dungeon Overview and Level Annotations

Branches:
Dungeon (5/15)
 Temple: D:4-7

Altars:
Elyvilon
Hepliaklqana

Annotations:
D:5 Pikel


Innate Abilities, Weirdness & Mutations

You are small and have problems with some larger weapons.
You are somewhat resistant to further mutation.


Message History

Pikel burns you. The slave hits you.
You puncture the slave!
The slave is heavily wounded.
The slave hits you. Pikel closely misses you. The slave barely misses you.
The slave closely misses you.
You closely miss the slave. The slave hits you but does no damage.
Pikel hits you with a +2 whip of flaming!
Pikel burns you. You block the slave's attack. The slave hits you.
You block Pikel's attack. The slave hits you.
Your shield prevents you from hitting the slave.
The slave hits you. The slave barely misses you.
Unknown command.
It was a potion of flight.
You feel very buoyant.
You fly up into the air.
The slave hits you.
* * * LOW HITPOINT WARNING * * *
Pikel hits you but does no damage. The slave hits you!
* * * LOW HITPOINT WARNING * * *
The slave hits you.
You die...

## .#
##.##.#
##...#.#
......###
.......#
......#
#Kp...#
#@p...#
#.p...#
###.###
.# #


You could see Pikel and 3 slaves.

Vanquished Creatures
  Sigmund (D:4)
  A slave (D:5)
  4 orc priests
  A bullfrog skeleton (D:4)
  2 worker ants
  Robin (D:3)
  A howler monkey skeleton (D:4)
  4 gnolls
  4 adders
  4 oozes
  An adder skeleton (D:4)
  2 worms
  2 leopard geckos (D:2)
  12 orcs
  3 ball pythons
  6 bats
  2 giant cockroaches
  18 goblins
  16 hobgoblins
  7 jackals
  3 quokkas (D:3)
  7 frilled lizards
  A jackal skeleton (D:2)
  7 kobolds
  10 rats
120 creatures vanquished.

Vanquished Creatures (others)
  A leopard gecko (D:4)
1 creature vanquished.

Grand Total: 121 creatures vanquished

Notes
Turn   | Place    | Note
-------+----------+-------------------------------------------
     0 | D:1      | Borgoz the Halfling Fighter began the quest for the Orb.
     0 | D:1      | Reached XP level 1. HP: 15/15 MP: 1/1
    42 | D:1      | Reached XP level 2. HP: 17/20 MP: 2/2
   149 | D:1      | Reached XP level 3. HP: 2/25 MP: 3/3
   822 | D:1      | Reached XP level 4. HP: 20/31 MP: 4/4
  1444 | D:2      | Found a hazy altar of Hepliaklqana.
  1646 | D:2      | Reached XP level 5. HP: 34/36 MP: 5/5
  2330 | D:3      | Reached XP level 6. HP: 40/43 MP: 6/6
  2904 | D:3      | Noticed Robin
  2946 | D:3      | Killed Robin
  3145 | D:4      | Noticed Sigmund
  3161 | D:4      | Killed Sigmund
  3161 | D:4      | Reached skill level 5 in Armour
  3161 | D:4      | Reached skill level 5 in Shields
  3161 | D:4      | Reached XP level 7. HP: 43/48 MP: 7/7
  3200 | D:4      | Reached skill level 5 in Short Blades
  3296 | D:4      | Found a white marble altar of Elyvilon.
  3492 | D:4      | HP: 1/49 [orc priest/divine providence (13)]
  3989 | D:5      | Entered Level 5 of the Dungeon
  3989 | D:5      | Noticed Pikel
  3998 | D:5      | HP: 2/49 [slave[Pikel] (7)]
  3998 | D:5      | Slain by a slave

Levels and vault maps discovered:
D:1:      erik_arrival_gehennom, layout_loops_ring
D:2:      layout_loops_ring, overflow_temple_1_default, minmay_pentomino_q4
D:3:      layout_basic, uniq_robin
D:4:      layout_loops_cross, elyvilon_altar_4, uniq_sigmund
D:5:      wander_guarded_unrand_ratskin, layout_loops_corners,
          chequers_temple_overflow_minitemple, first_ration, uniq_grinder,
          uniq_ijyb, uniq_pikel

Skill      XL: |  1  2  3  4  5  6  7 |
---------------+----------------------+-----
Fighting       | 3 4 |  4.4
Short Blades   | 3 4 5 |  5.2
Armour         | 4 5 |  5.3
Shields        | 4 5 |  5.3

Action                   |  1- 3 |  4- 6 |  7- 9 || total
-------------------------+-------+-------+-------++-------
Melee: Rapier            |    99 |   288 |    75 ||   462
  Use: Potion            |     1 |     2 |     4 ||     7
  Eat: Chunk             |       |     8 |     2 ||    10
Armor: Scale mail        |    42 |   103 |    13 ||   158
Dodge: Dodged            |    54 |    87 |    25 ||   166
Block: Shield            |    61 |   116 |    33 ||   210

Table legend:
 A = Non-vault XP
 B = Vault XP
 C = Vault XP percentage of total XP
 D = Non-vault monster count
 E = Vault monster count
 F = Vault count percentage of total count
                 A         B        C        D         E       F
            +---------+---------+-------+---------+---------+-------
      Total |     572 |     286 |  33.3 |      96 |      23 |  19.3
            +---------+---------+-------+---------+---------+-------
        D:1 |      70 |      17 |  19.5 |      31 |       5 |  13.9
        D:2 |     147 |       7 |   4.5 |      22 |       4 |  15.4
        D:3 |     159 |      37 |  18.9 |      30 |      12 |  28.6
        D:4 |     196 |     225 |  53.4 |      13 |       2 |  13.3
            +---------+---------+-------+---------+---------+-------
